 Dungeon Crawl Stone Soup version 0.30-b1-2-g02819fbbbe (webtiles) character file.

Game seed: 16067212288483812145

59 Mesmaeker13 the Firebug (level 3, 0/19 HPs)
             Began as a Deep Elf Fire Elementalist on July 14, 2023.
             Slain by Terence
             ... wielding a +0 hand axe
              (4 damage)
             ... on level 3 of the Dungeon.
             The game lasted 00:02:33 (2101 turns).

Mesmaeker13 the Firebug (DEFE)                      Turns: 2101, Time: 00:02:34

Health: 0/19       AC:  2    Str:  7    XL:     3   Next: 78%
Magic:  0/10       EV: 13    Int: 19    God:
Gold:   80         SH:  0    Dex: 15    Spells: 6/9 levels left

rFire   . . .        r - +1 dagger (drain)
rCold   . . .        (no shield)
rNeg    . . .        a - +0 robe
rPois   .            (no helmet)
rElec   .            (no cloak)
rCorr   .            (no gloves)
SInv    .            (no boots)
Will    .....        (no amulet)
Stlth   ++           (no ring)
HPRegen 0.23/turn    (no ring)
MPRegen 0.12/turn

%: no passive effects
@: no status effects
A: no striking features
a: no special abilities


You were on level 3 of the Dungeon.
You visited 1 branch of the dungeon, and saw 3 of its levels.

You collected 80 gold pieces.

Inventory:

Hand Weapons
 i - a +0 dagger of holy wrath
 r - a +1 dagger of draining (weapon)
Missiles
 g - 10 poisoned darts
Armour
 a - a +0 robe (worn)
Scrolls
 c - a scroll of blinking {unknown}
 e - a scroll of immolation {unknown}
 h - a scroll of acquirement {unknown}
 j - a scroll of fear {unknown}
 o - a scroll of fog {unknown}
 p - 2 scrolls of poison {unknown}
Potions
 b - a potion of magic
 d - 2 potions of attraction {unknown}
 k - a potion of mutation {unknown}
 l - 3 potions of degeneration {unknown}
 m - 2 potions of curing {unknown}
 n - 3 potions of heal wounds {unknown}
 q - a potion of ambrosia {unknown}


   Skills:
 + Level 3.3 Dodging
 - Level 2.4 Stealth
 + Level 3.8 Spellcasting
 + Level 2.1 Conjurations
 + Level 3.8 Fire Magic


You had 6 spell levels left.
You knew the following spells:

 Your Spells              Type           Power      Damage    Failure   Level
a - Foxfire               Conj/Fire      60%        2x1d7     4%          1
b - Scorch                Fire           36%        2d6       4%          2

Your spell library contained the following spells:

 Spells                   Type           Power      Damage    Failure   Level
 Freeze                   Ice            12%        1d3       14%         1
 Inner Flame              Hex/Fire       11%        N/A       19%         3
 Volatile Blastmotes      Fire/Tloc      22%        2d11      19%         3
 Portal Projectile        Hex/Tloc       6%         N/A       38%         3
 Flame Wave               Conj/Fire      15%        2d7       38%         4
 Ice Form                 Ice/Tmut       3%         N/A       80%         4


Dungeon Overview and Level Annotations

Branches:
Dungeon (3/15)

Altars:

Annotations:
D:3 Terence


Message History

Unknown command.
Casting: Scorch (safe; 4% risk of failure)
Confirm with . or Enter, or press ? or * to list all spells.
You don't have enough magic to cast this spell.
Unknown command.
Casting: Scorch (safe; 4% risk of failure)
Confirm with . or Enter, or press ? or * to list all spells.
You conjure some foxfire!
Terence misses you.
Terence is no longer more vulnerable to fire.
The foxfire hits Terence.
Terence resists.
Terence is almost dead.
The foxfire hits Terence but does no damage.
Terence is almost dead.
Terence closely misses you.
Unknown command.
Casting: Foxfire (safe; 4% risk of failure)
Confirm with . or Enter, or press ? or * to list all spells.
You don't have enough magic to cast this spell.
Unknown command.
Casting: Foxfire (safe; 4% risk of failure)
Confirm with . or Enter, or press ? or * to list all spells.
You don't have enough magic to cast this spell.
Unknown command.
A kobold comes into view. It is wielding a +0 dagger.
The goblin shoots a sling bullet.
The sling bullet completely misses you. Terence attacks as you move away!
Terence closely misses you.
Things that are here:
5 stones; a +0 short sword Terence attacks as you move away!
Terence hits you but does no damage. Terence attacks as you move away!
Terence closely misses you.
You hear the rusting of a very distant drain.
Terence attacks as you move away! Terence barely misses you.
Terence attacks as you move away! Terence completely misses you.
Terence attacks as you move away! Terence hits you with a +0 hand axe!
* * * LOW HITPOINT WARNING * * *
Casting: Foxfire (safe; 4% risk of failure)
Confirm with . or Enter, or press ? or * to list all spells.
Flames lash Terence but do no damage.
Terence barely misses you. Terence hits you with a +0 hand axe.
You die...

##############
#....K.g@@...#
#.##########.# ##
#.#<.......#.#
..######g########.#.##
#...†...(...[# #....#
#..####)K.##.# ######
#..# #...#..#####
...####.......)...
.....>#...###.###.


You could see Terence, a goblin and a kobold.

Vanquished Creatures
  A worm (D:2)
  A dart slug (D:1)
  An orc (D:3)
  9 bats
  5 endoplasms
  2 giant cockroaches
  5 goblins
  3 hobgoblins (D:1)
  5 kobolds
  3 quokkas
  7 ball pythons
  3 frilled lizards
  5 rats
50 creatures vanquished.

Vanquished Creatures (others)
  142 foxfires
142 creatures vanquished.

Grand Total: 192 creatures vanquished

Notes
Turn   | Place    | Note
-------+----------+-------------------------------------------
     0 | D:1      | Mesmaeker13 the Deep Elf Fire Elementalist began the quest
                  | for the Orb.
     0 | D:1      | Reached XP level 1. HP: 10/10 MP: 6/6
   174 | D:1      | Reached XP level 2. HP: 15/15 MP: 6/8
   572 | D:1      | Reached XP level 3. HP: 19/19 MP: 7/10
   965 | D:2      | Learned a level 2 spell: Scorch
  1440 | D:2      | Found a faded altar of an unknown god.
  1524 | D:2      | Got the Tome of Vexing Refrigeration
  2064 | D:3      | Noticed Terence
  2101 | D:3      | Slain by Terence

Illustrated notes

Levels and vault maps discovered:
D:1:      dpeg_arrival_rooms_a, layout_basic
D:2:      layout_basic, shapermc_ecumenical_altar_ellora, grunt_ministairs_4
D:3:      layout_basic, gup_sewer_entry_bowl, reono_crystal_passage, uniq_robin,
          uniq_crazy_yiuf_cottage, uniq_terence

Skill      XL: |  1  2  3 |
---------------+----------+-----
Dodging        | 3 |  3.3
Conjurations   | 2 |  2.1
Stealth        | |  2.4
Spellcasting   | |  3.8
Fire Magic     | |  3.8

Action                     || total
---------------------------++-------
   Cast: Foxfire           ||    81
         Scorch            ||     6
 Armour: Robe              ||    11
  Dodge: Dodged            ||    41
